AoeStats
← Chris Becker

Black Forest

509917918Analyzed
4v4 RM · 5d ago on Sep 28, 2026· 40m 45s· 8 players
Game mode
Random Map
Map size
Large (8 player)
Population
200
Speed
Normal
Resources
Standard
Victory
Conquest
Starting age
Dark Age
Ending age
Imperial Age
RankedLock teamsTeams togetherTeam positionsShared explorationLock speedFull tech treeHidden civsTurbo modeCheats
Victory
Defeat
🇫🇮 Bengalis · Finland
1606
+13
🇳🇱 Britons · Netherlands
1598
+13
🇨🇦 Turks · Canada
1548
+15
🇺🇸 Varangians · United States
1512
+17
🇻🇳 Berbers · Vietnam
1617
-18
🇩🇪 Ethiopians · Germany
1521
-14
🇨🇳 Persians · China
1510
-14
🇫🇷 Malians · France
1480
-12
boo
11:56 Feudal Age
15:18 Castle Age
13:23 Double-Bit Axe
16:50 Scale Mail Armor
16:36 Horse Collar
24:41 Wheelbarrow
25:45 Squires
25:31 Arson
25:57 Forging
27:38 Gold Mining
30:23 Chain Mail Armor
30:57 Hand Cart
30:28 Loom
31:27 Bow Saw
31:21 Heavy Plow
32:52 Town Watch
33:59 Iron Casting
36:10 Imperial Age
33:29 Gambesons
35:04 Fletching
35:25 Masonry
36:14 Elite Varangian Guard
37:25 Plate Mail Armor
37:18 Conscription
39:10 Blast Furnace
37:32 Gothikon
40:37 Two-Man Saw
40:10 Crop Rotation
Komkommersla
0:40 Loom
10:07 Feudal Age
12:31 Double-Bit Axe
12:44 Town Watch
14:32 Fletching
18:20 Padded Archer Armor
24:37 Horse Collar
29:11 Castle Age
28:28 Stone Mining
30:18 Bow Saw
30:10 Heavy Plow
30:10 Crossbowman
33:35 Wheelbarrow
34:30 Bodkin Arrow
37:42 Fortified Wall
39:23 Ballistics
42:25 Imperial Age
AlzzStriker
11:57 Feudal Age
15:47 Castle Age
15:00 Double-Bit Axe
19:08 Fishing Lines
19:44 Loom
23:08 Fletching
25:41 Gillnets
28:53 Gold Mining
29:01 Horse Collar
29:52 Heavy Plow
34:09 Imperial Age
32:18 Wheelbarrow
33:33 Bow Saw
33:45 Bow Saw
34:06 Hand Cart
34:45 Masonry
34:16 Treadmill Crane
34:52 Artillery
35:06 Elite Janissary
36:30 Conscription
38:09 Bodkin Arrow
39:07 Ballistics
40:02 Hoardings
40:22 Coinage
40:21 Padded Archer Armor
40:22 Bracer
40:54 Architecture
Ciril
7:16 Loom
9:37 Feudal Age
10:13 Double-Bit Axe
11:52 Horse Collar
13:39 Fletching
20:05 Castle Age
21:09 Bow Saw
23:18 Heavy Plow
25:40 Wheelbarrow
28:18 Hand Cart
29:31 Gold Mining
29:32 Stone Mining
33:22 Imperial Age
31:34 Bodkin Arrow
32:39 Padded Archer Armor
33:23 Ballistics
33:14 Paiks
34:09 Gold Shaft Mining
33:54 Leather Archer Armor
33:29 Elite Elephant Archer
34:25 Bracer
35:16 Husbandry
36:21 Chemistry
36:52 Ring Archer Armor
37:21 Bloodlines
37:17 Siege Engineers
38:13 Two-Man Saw
38:23 Mahayana
38:24 Conscription
Chris Becker
7:14 Loom
11:15 Feudal Age
13:30 Fletching
18:15 Castle Age
18:21 Crossbowman
19:08 Bodkin Arrow
20:42 Double-Bit Axe
25:43 Horse Collar
26:17 Bow Saw
26:40 Crossbowman
31:17 Wheelbarrow
34:50 Imperial Age
32:40 Heavy Plow
32:52 Fishing Lines
33:53 Ballistics
34:16 Gold Mining
34:45 Thumb Ring
34:45 Padded Archer Armor
36:31 Chemistry
35:38 Siege Engineers
36:34 Bracer
37:47 Leather Archer Armor
39:55 Two-Man Saw
39:19 Hand Cart
39:55 Gold Shaft Mining
39:13 Arbalester
泡锅
11:08 Feudal Age
12:20 Double-Bit Axe
14:47 Castle Age
15:53 Bow Saw
17:25 Scale Barding Armor
17:38 Fishing Lines
20:47 Gillnets
22:29 Horse Collar
24:24 Bloodlines
26:08 Husbandry
27:24 Wheelbarrow
26:56 Loom
27:33 Gold Mining
28:57 Hand Cart
29:42 Gold Shaft Mining
28:58 Stone Mining
29:23 Heavy Plow
32:51 Imperial Age
32:16 Stone Shaft Mining
32:21 Chain Barding Armor
32:12 Forging
31:49 Town Watch
32:32 Cavalier
33:51 Plate Barding Armor
33:29 Forging
34:11 Savar
36:37 Chemistry
37:05 Iron Casting
37:06 Crop Rotation
37:38 Two-Man Saw
38:53 Blast Furnace
antorse31
0:29 Loom
6:31 Loom
6:58 Loom
9:33 Feudal Age
10:46 Double-Bit Axe
12:41 Fletching
19:54 Wheelbarrow
22:49 Castle Age
22:09 Scale Mail Armor
22:19 Forging
21:34 Man-at-Arms
22:48 Forging
22:55 Long Swordsman
23:39 Squires
29:18 Chain Mail Armor
31:55 Bow Saw
33:07 Horse Collar
34:58 Heavy Plow
Viet Nam Strategy
8:43 Loom
10:52 Feudal Age
13:49 Double-Bit Axe
17:27 Castle Age
15:37 Stone Mining
16:16 Horse Collar
29:03 Bow Saw
32:05 Wheelbarrow
36:12 Imperial Age
33:51 Heavy Plow
34:25 Ballistics
34:02 Fletching
34:12 Padded Archer Armor
35:27 Thumb Ring
35:34 Bloodlines
35:24 Husbandry
35:21 Bodkin Arrow
35:41 Leather Archer Armor
35:26 Gold Mining
36:12 Stone Shaft Mining
37:00 Bracer
38:02 Chemistry
36:39 Elite Camel Archer
37:24 Maghrebi Camels
37:44 Conscription
38:02 Ring Archer Armor
Connection lost

Rejoining the realm…

Still unreachable

The connection could not be restored.

Session expired

The server has moved on; the page needs a fresh start.